 Dungeon Crawl Stone Soup version bcrawl-1.34.4 (webtiles) character file.

Game seed: 1830299668502620803

461675 KristoblXynda the Carver (level 12, -6/112 HPs)
             Began as a Pale Draconian Gladiator on Oct 21, 2021.
             Was a Believer of Ashenzari.
             Killed by divine providence
             ... invoked by an orc priest
              (11 damage)
             ... on level 12 of the Dungeon.
             The game lasted 00:23:22 (12825 turns).

KristoblXynda the Carver (DrGl)                    Turns: 12825, Time: 00:23:23

Health: -6/112     AC: 16    Str: 19    XL:     12   Next: 88%
Magic:  18/18      EV: 17    Int: 14    God:    Ashenzari [**....]
Gold:   367        SH: 11    Dex: 13    Spells: 7/11 levels left

rFire    . . .     SeeInvis +   x - +0 scimitar (holy)
rCold    . . .     Gourm    .   m - +1 buckler (curse)
rNeg     . . .     Faith    .   (armour unavailable)
rPois    +         Spirit   .   D - +2 hat {Int+3} (curse)
rElec    .         Reflect  .   (no cloak)
rCorr    .         Harm     .   j - +2 pair of gloves
MR       .....                  l - +2 pair of boots {Stlth++} (curse)
Stlth    +++.......             E - amulet of the acrobat
HPRegen  0.28/turn              r - ring of poison resistance
MPRegen  0.16/turn              s - ring of Qecs {+Fly SInv}

@: lethally poisoned (-6 -> -7), about to teleport, short of breath
A: breathe steam, unfitting armour, cold-blooded, AC +8
a: Breathe Steam, Curse Item, Scrying, Renounce Religion, Evoke Flight


You were on level 12 of the Dungeon.
You worshipped Ashenzari.
Ashenzari was pleased with you.
You were hungry.

You visited 2 branches of the dungeon, and saw 13 of its levels.
You also visited: Sewer.

You collected 913 gold pieces.
You spent 546 gold pieces at shops.

Inventory:

Hand Weapons
 x - a +0 scimitar of holy wrath (weapon)
 I - a +3 long sword
Missiles
 c - 2 throwing nets (quivered) {=f}
Armour
 j - a +2 pair of gloves (worn)
 l - a cursed +2 pair of boots of stealth (worn)
 m - a cursed +1 buckler (worn)
 D - a cursed +2 hat of intelligence (worn)
Jewellery
 o - an uncursed amulet of regeneration
 r - a ring of poison resistance (left hand)
 s - the ring of Qecs (right hand) {+Fly SInv}
   (You found it on level 5 of the Dungeon)

   [ring of flight]

   It lets you see invisible.
   It lets you fly.
 C - an uncursed ring of insulation
 E - an amulet of the acrobat (around neck)
Wands
 a - a wand of iceblast (13)
 z - a wand of paralysis (1)
Scrolls
 b - 2 scrolls of enchant weapon
 f - 14 scrolls of teleportation
 i - a scroll of identify
 k - 9 scrolls of remove curse
 q - a scroll of blinking
 u - 2 scrolls of fog
 w - 4 scrolls of immolation
 A - a scroll of enchant armour
Potions
 d - 2 potions of heal wounds
 g - 2 potions of mutation
 h - 4 potions of flight
 n - a potion of resistance
 p - 3 potions of ambrosia
 t - 5 potions of curing
 y - a potion of might
 H - 2 potions of magic
Comestibles
 e - 14 rations {!d}


   Skills:
 + Level 12.1 Fighting
 + Level 12.8 Long Blades
 - Level 2.0 Throwing
 + Level 10.4 Dodging
 - Level 4.0(6.4) Shields
 + Level 9.2 Evocations


You had 7 spell levels left.
You knew the following spells:

 Your Spells              Type           Power        Failure   Level  Hunger
a - Petrify               Tmut/Erth      #.........   99%         4    ######.

Your spell library contained the following spells:

 Spells                   Type           Power        Failure   Level  Hunger
 Corona                   Hex            #......      45%         1    None
 Shackle                  Hex            #.......     58%         2    ####...
 Confuse                  Hex            #.......     83%         3    #####..
 Dazzling Orbs            Conj/Hex       #......      83%         3    #####..
 False Image              Hex/Summ       #.......     83%         3    #####..
 Inner Flame              Hex/Fire       N/A          83%         3    #####..
 Cause Fear               Hex            #.........   99%         4    ######.
 Yara's Violent Unravell  Hex/Tmut       #.........   99%         4    ######.
 Metabolic Englaciation   Hex/Ice        #.........   100%        5    #######
 Bolt of Cold             Conj/Ice       #.........   100%        6    #######
 Freezing Cloud           Ice/Air        #.........   100%        6    #######
 Ozocubu's Refrigeration  Ice            #.........   100%        6    #######
 Simulacrum               Ice/Necr       #.........   100%        6    #######
 Mana Rupture             Conj/Hex       #.........   100%        7    #######


Dungeon Overview and Level Annotations

Branches:
Dungeon (12/12)            Temple (1/1) D:5            Lair (0/6) D:9
    Orc (0/1) D:10
 Vaults: D:11-12     Depths: D:12

Altars:
Ashenzari
Cheibriados
Dithmenos
Elyvilon
Fedhas
Gozag
Hepliaklqana
Kikubaaqudgha
Lugonu
Makhleb
Nemelex Xobeh
Okawaru
Qazlal
Ru
Sif Muna
Trog
Uskayaw
Vehumet
Wu Jian
Xom
Yredelemnul
Zin
The Shining One

Shops:
D:6 }   D:7 =   D:8 }   D:9 [=![   D:10 !(   D:11 [((


Innate Abilities, Weirdness & Mutations

You can breathe blasts of scalding, opaque steam.
Your pale cyan-grey scales are hard. (AC +8)
You cannot fit into any form of body armour.
You are cold-blooded and may be slowed by cold attacks.


Message History

a +0 dagger; a +0 robe The fire dragon breathes flames at you.
The blast of flame hits the orc!!
The orc dies!
The blast of flame hits you!!
* * * LOW HITPOINT WARNING * * *
You hear a shout!
Things that are here:
a +2 dagger of holy wrath; a +0 robe; an orc corpse No path to travel!
Blink to where?
Press: ? - help, Dir - move target cursor
Okay, then.
As you read the scroll of teleportation, it crumbles to dust.
You feel strangely unstable.
You hear a shout!
You block the orc warrior's attack.
The orc priest calls down the wrath of Beogh upon you.
Beogh smites you!
You die...

.....###....########..
.###.#########.......#
. #....## #..PPP..#* .
*####..# #P$$$P..
##.####P$$$P#{# , ***
#...##.$$$o#.# , ,
*###.[).......#
####D5§o########## * *
#...##@o)[......# * ,
#.o#############.#
#.#* **, * #..* * , **
** #. * , ..* ,* * #.,
* h. , *


You could see a fire dragon, an orc warrior, a shadow imp (wandering), an orc
priest and an orc.

Vanquished Creatures
  Gastronok (D:11)
  Snorg (D:11)
  Josephine (D:10)
  Fannar (D:11)
  4 two-headed ogres (D:9)
  A centaur warrior (D:11)
  An ogre mage (D:9)
  2 death yaks (D:9)
  An unseen horror (D:11)
  A wizard (D:12)
  A cyclops (D:12)
  A deep elf mage (D:10)
  An ugly thing (D:9)
  A centaur zombie (D:9)
  A gargoyle (D:11)
  A yaktaur (D:12)
  2 tengu conjurers (D:12)
  3 trolls
  3 meliai (D:12)
  Prince Ribbit (D:6)
  3 hippogriffs
  Sigmund (D:3)
  A spriggan (D:8)
  A wyvern (D:10)
  6 wraiths
  6 yaks
  A basilisk (D:10)
  3 hungry ghosts
  Edmund (D:6)
  Menkaure (D:6)
  An acid dragon (D:11)
  11 orc warriors
  A sky beast (D:6)
  A black bear (D:10)
  An eye of draining (D:11)
  5 ogres
  An ice beast (D:7)
  3 phantoms
  11 centaurs
  6 big kobolds
  A bullfrog (D:6)
  2 gnoll sergeants
  A scorpion (D:6)
  4 killer bees
  2 howler monkeys (D:7)
  3 electric eels (D:10)
  5 orc priests
  3 crimson imps
  A bullfrog zombie (D:6)
  3 jellies
  4 centaur skeletons
  2 hounds
  9 orc wizards
  A gnoll shaman (D:4)
  Jessica (D:3)
  4 iguanas
  Terence (D:2)
  3 worker ants
  A worker ant zombie (D:7)
  A howler monkey skeleton (D:4)
  13 gnolls
  10 adders
  A river rat (Sewer)
  A shadow imp (D:6)
  10 oozes
  2 adder skeletons
  6 worms
  3 dart slugs
  6 leopard geckos
  44 orcs
  5 ball pythons
  6 bats
  7 giant cockroaches
  3 goblins
  3 hobgoblins
  24 kobolds
  8 quokkas
  3 frilled lizards
  6 rats
  A fungus (D:12)
  A toadstool (D:12)
309 creatures vanquished.

Vanquished Creatures (others)
  An orc (D:12)
  3 fungi (D:12)
  4 toadstools (D:12)
8 creatures vanquished.

Grand Total: 317 creatures vanquished

Notes
Turn   | Place    | Note
-------+----------+-------------------------------------------
     0 | D:1      | KristoblXynda the Draconian Gladiator began the quest for
                  | the Orb.
     0 | D:1      | Reached XP level 1. HP: 19/19 MP: 1/1
   178 | D:1      | Reached XP level 2. HP: 26/26 MP: 2/2
   899 | D:2      | Found a radiant altar of Vehumet.
   922 | D:2      | Noticed Terence
   935 | D:2      | Killed Terence
   936 | D:2      | Reached XP level 3. HP: 30/33 MP: 3/3
  1764 | D:3      | Found a blossoming altar of Fedhas.
  1836 | D:3      | Reached XP level 4. HP: 38/40 MP: 4/4
  1931 | D:3      | Found an opulent altar of Gozag.
  1971 | D:3      | Noticed Jessica
  1972 | D:3      | Noticed a gnoll sergeant
  1978 | D:3      | Killed Jessica
  1979 | D:3      | Reached XP level 5. HP: 46/46 MP: 5/5
  2036 | D:3      | Found a glowing drain.
  2061 | Sewer    | Entered a sewer
  2214 | Sewer    | Reached skill level 5 in Long Blades
  2214 | Sewer    | Reached XP level 6. HP: 43/53 MP: 6/6
  2709 | Sewer    | Reached skill level 5 in Fighting
  3031 | D:3      | Your scales start taking on a pale cyan-grey colour.
  3031 | D:3      | Reached XP level 7. HP: 19/61 MP: 7/7
  3237 | D:3      | Noticed Sigmund
  3241 | D:3      | Killed Sigmund
  3242 | D:3      | Reached skill level 1 in Shields
  3642 | D:4      | Found a glowing silver altar of Zin.
  4193 | D:4      | Found a shadowy altar of Dithmenos.
  4318 | D:5      | Entered Level 5 of the Dungeon
  4334 | D:5      | Reached XP level 8. HP: 52/70 MP: 8/8
  4435 | D:5      | Found a sacrificial altar of Ru.
  4449 | D:5      | Found a hide-covered altar of Uskayaw.
  4510 | D:5      | Found a burning altar of Makhleb.
  4558 | D:5      | Got a translucent turquoise ring
  4561 | D:5      | Identified the ring of Qecs {+Fly SInv} (You found it on
                  | level 5 of the Dungeon)
  4567 | D:5      | Found an ancient bone altar of Kikubaaqudgha.
  4597 | D:5      | Found a staircase to the Ecumenical Temple.
  4636 | Temple   | Entered the Ecumenical Temple
  4778 | Temple   | Became a worshipper of Ashenzari the Shackled
  4779 | Temple   | Found the cursed amulet of Vision {SInv *Curse}
  4949 | D:5      | Found a shimmering blue altar of Sif Muna.
  5521 | D:6      | Reached skill level 5 in Dodging
  5582 | D:6      | Noticed Edmund
  5582 | D:6      | Noticed Prince Ribbit
  5590 | D:6      | Killed Prince Ribbit
  5600 | D:6      | Killed Edmund
  5645 | D:6      | Found Byehuwon's Gadget Shoppe.
  5889 | D:6      | Found a corrupted altar of Lugonu.
  5895 | D:6      | Noticed Menkaure
  5905 | D:6      | Killed Menkaure
  5909 | D:6      | Reached XP level 9. HP: 28/78 MP: 9/9
  6079 | D:6      | Reached * piety under Ashenzari
  6932 | D:7      | Noticed a troll
  6938 | D:7      | Killed a troll
  7090 | D:7      | Found Zemmip's Jewellery Shop.
  7114 | D:7      | Bought a cursed -5 ring of evasion for 30 gold pieces
  7206 | D:7      | Found a basalt altar of Yredelemnul.
  7247 | D:7      | Found a glowing golden altar of the Shining One.
  7542 | D:8      | Found a snail-covered altar of Cheibriados.
  7560 | D:8      | Reached skill level 10 in Long Blades
  7595 | D:8      | Found Oxuqoj's Gadget Emporium.
  7670 | D:8      | Reached XP level 10. HP: 88/88 MP: 10/10
  8152 | D:8      | Reached skill level 1 in Evocations
  8553 | D:9      | Noticed a death yak
  8559 | D:9      | Noticed a death yak
  8561 | D:9      | Noticed a death yak
  8762 | D:9      | Noticed a two-headed ogre
  8769 | D:9      | Killed a two-headed ogre
  8993 | D:9      | Found Vireiser's Armour Shoppe.
  9002 | D:9      | Bought a +2 pair of boots of stealth for 279 gold pieces
  9147 | D:9      | Found a staircase to the Lair.
  9209 | D:9      | Killed a death yak
  9223 | D:9      | Killed a death yak
  9444 | D:9      | Found Cieczy's Jewellery Shoppe.
  9502 | D:9      | Found Viqimme's Distillery.
  9522 | D:9      | Noticed a two-headed ogre
  9527 | D:9      | Bought a potion of heal wounds for 65 gold pieces
  9530 | D:9      | Noticed an ogre mage
  9546 | D:9      | Killed a two-headed ogre
  9547 | D:9      | Reached XP level 11. HP: 60/99 MP: 14/14
  9566 | D:9      | Reached skill level 5 in Evocations
  9589 | D:9      | Noticed a two-headed ogre
  9644 | D:9      | Noticed a two-headed ogre
  9651 | D:9      | Killed a two-headed ogre
  9675 | D:9      | Killed a two-headed ogre
  9676 | D:9      | Reached skill level 10 in Fighting
  9749 | D:9      | Reached ** piety under Ashenzari
  9810 | D:9      | Noticed a white ugly thing
  9831 | D:9      | Killed a white ugly thing
  9847 | D:9      | Killed an ogre mage
  9985 | D:9      | Found Goapour's Antique Armour Emporium.
  9993 | D:9      | Bought a pair of runed gloves for 172 gold pieces
 10049 | D:10     | Entered Level 10 of the Dungeon
 10091 | D:10     | Found Tast's Antique Weapon Emporium.
 10106 | D:10     | Found Jafecs's Distillery.
 10197 | D:10     | Noticed a deep elf mage
 10246 | D:10     | Killed a deep elf mage
 10343 | D:10     | Noticed Josephine
 10432 | D:10     | Killed Josephine
 11069 | D:10     | Found a staircase to the Orcish Mines.
 11166 | D:11     | Found Qymnepaf's Antique Weapon Shoppe.
 11172 | D:11     | Noticed Snorg
 11190 | D:11     | Killed Snorg
 11261 | D:11     | Reached XP level 12. HP: 109/110 MP: 17/17
 11293 | D:11     | Noticed a centaur warrior
 11357 | D:11     | Noticed Fannar
 11470 | D:11     | Killed a centaur warrior
 11694 | D:11     | Killed Fannar
 11949 | D:11     | Noticed Gastronok
 11963 | D:11     | Killed Gastronok
 11964 | D:11     | Reached skill level 10 in Dodging
 12209 | D:11     | Found Ippumux's Armour Boutique.
 12231 | D:11     | Found Joloar's Weapon Boutique.
 12544 | D:12     | Entered Level 12 of the Dungeon
 12625 | D:12     | Paralysed by a wizard for 3 turns
 12774 | D:12     | Learned a level 4 spell: Petrify
 12815 | D:12     | Noticed a fire dragon
 12824 | D:12     | HP: 4/112 [fire dragon/blast of flame (24)]
 12825 | D:12     | Killed from afar by an orc priest

Skill      XL: |  1  2  3  4  5  6  7  8  9 10 11 12 |
---------------+-------------------------------------+-----
Throwing       | 2 |  2.0
Dodging        | 3 4 5 6 8 9 10 | 10.4
Long Blades    | 4 5 6 8 10 11 12 | 12.8
Fighting       | 4 5 6 8 9 11 12 | 12.1
Shields        | 2 4 |  4.0
Evocations     | 4 7 9 |  9.2

Action                   |  1- 3 |  4- 6 |  7- 9 | 10-12 || total
-------------------------+-------+-------+-------+-------++-------
Melee: Long sword        |    89 |   251 |   244 |   291 ||   875
       Tailslap          |    10 |    17 |    37 |    90 ||   154
       Scimitar          |       |       |       |   259 ||   259
Throw: Throwing net      |       |     1 |       |       ||     1
Invok: Curse Item        |       |       |     2 |     1 ||     3
 Abil: Breathe Steam     |       |       |    28 |    45 ||    73
Evoke: Wand              |       |       |       |     9 ||     9
  Use: Scroll            |     2 |     3 |     9 |    11 ||    25
       Potion            |       |       |       |     6 ||     6
 Stab: Sleeping          |     3 |       |       |     4 ||     7
       Paralysed         |       |       |       |    19 ||    19
       Distracted        |       |       |       |     2 ||     2
  Eat: Chunk             |     5 |    11 |    17 |    13 ||    46
       Ration            |       |       |     2 |     5 ||     7
Armor: Skin              |    33 |    69 |    38 |   123 ||   263
Dodge: Dodged            |    58 |   171 |   107 |   325 ||   661
Block: Other             |       |     8 |     1 |       ||     9
       Buckler           |       |       |    51 |   277 ||   328
